 Dungeon Crawl Stone Soup version 0.19-a0-644-gd04d753 (webtiles) character file.

1512 pk666 the Chopper (level 8, -1/73 HPs)
             Began as a Minotaur Berserker on June 14, 2016.
             Was an Elder of Trog.
             Slain by an orc priest
             ... wielding a +0 flail
              (6 damage)
             ... on level 7 of the Dungeon.
             The game lasted 00:11:52 (5023 turns).

pk666 the Chopper (Minotaur Berserker)              Turns: 5023, Time: 00:11:53

Health: -1/73      AC: 14    Str: 25    XL:     8   Next: 53%
Magic:  7/7        EV: 11    Int:  4    God:    Trog [****..]
Gold:   367        SH:  0    Dex:  9    Spells: 0 memorised, 7 levels left

rFire  + . .     SeeInvis .     B - +0 war axe
rCold  + . .     Gourm    .     s - +0 chain mail
rNeg   . . .     Faith    +     (no shield)
rPois  .         Spirit   .     (helmet restricted)
rElec  .         Dismiss  .     y - +0 cloak
rCorr  .         Reflect  .     C - +0 pair of gloves
SustAt .         Harm     .     w - +0 pair of boots
MR     ++...                    E - amulet of faith
Stlth  ..........               b - ring of protection from fire
                                p - ring of protection from cold

@: starving, regenerating, very resistant to hostile enchantments, extremely
unstealthy
A: retaliatory headbutt, horns 2
a: Berserk, Trog's Hand, Brothers in Arms, Burn Spellbooks, Renounce Religion


You were on level 7 of the Dungeon.
You worshipped Trog.
Trog was greatly pleased with you.
You were starving.

You visited 1 branch of the dungeon, and saw 7 of its levels.

You collected 367 gold pieces.

Inventory:

Hand Weapons
 B - a +0 war axe (weapon)
Armour
 s - a +0 chain mail (worn)
 w - a +0 pair of boots (worn)
 y - a +0 cloak (worn)
 C - a +0 pair of gloves (worn)
Jewellery
 b - a ring of protection from fire (right hand)
 p - a ring of protection from cold (left hand)
 E - an amulet of faith (around neck)
Wands
 u - a wand of paralysis (13/24)
Scrolls
 a - a scroll of holy word {unknown}
 e - 4 scrolls of fear {unknown}
 f - 5 scrolls of identify {unknown}
 g - a scroll of recharging {unknown}
 i - 4 scrolls of remove curse {unknown}
 j - 3 scrolls of magic mapping {unknown}
 o - a scroll of enchant armour {unknown}
 r - a scroll of enchant weapon {unknown}
 v - a scroll of fog {unknown}
 x - 4 scrolls of teleportation {unknown}
 D - a scroll of noise {unknown}
Potions
 d - 2 potions of cure mutation {unknown}
 h - 2 potions of might {unknown}
 k - 2 potions of berserk rage {unknown}
 m - 2 potions of brilliance {unknown}
 q - a potion of agility {unknown}
 t - 2 potions of curing {unknown}
 z - a potion of degeneration {unknown}
 A - a potion of flight {unknown}
Comestibles
 c - 3 bread rations
 l - 2 meat rations
 n - 2 royal jellies


   Skills:
 + Level 7.3 Fighting
 + Level 7.4 Axes
 + Level 6.9 Armour
 + Level 6.0 Dodging


You had 7 spell levels left.
You didn't know any spells.

Dungeon Overview and Level Annotations

Branches:
Dungeon (7/15)             Temple (0/1) D:7

Altars:
Dithmenos
Okawaru
Ru
Sif Muna

Shops:
D:5 (


Innate Abilities, Weirdness & Mutations

You reflexively headbutt those who attack you in melee.
You have a pair of horns on your head.


Message History

The orc priest is almost dead.
You slash the howler monkey!
You kill the howler monkey!
Trog accepts your kill.
Your Dodging skill increases to level 6!
You barely miss the orc warrior.
The orc warrior is severely wounded.
The orc warrior closely misses you. The orc priest hits you with a flail.
* * * LOW HITPOINT WARNING * * *
The quokka bites you but does no damage.
A giant gecko comes into view.
You closely miss the orc priest.
You headbutt the orc priest, but do no damage.
The orc priest is almost dead.
You miss the quokka. You hit the orc warrior.
The orc warrior is severely wounded.
The orc warrior closely misses you.
The quokka bites you but does no damage.
The orc priest hits you with a flail.
You die...

###### #....# ######
#....#####....#
#........)....#
##.#######....# #.#
#....# #.# #....#
#@#######....#####
..>.5hroo...............
.#....#.###<####.#######
#.####l###.####.#######
# ..................
....#.###...###.## #.#
#...###.## #.#
.....###...# ####..#
#.⌠.#


You could see an orc warrior, a howler monkey, an orc priest, a shadow imp, a
giant gecko and a quokka.

Vanquished Creatures
  Eustachio (D:4)
  A hungry ghost (D:6)
  Menkaure (D:4)
  2 ice beasts
  2 orc warriors (D:6)
  A sky beast (D:6)
  An ogre (D:5)
  A big kobold (D:7)
  2 scorpions
  2 howler monkeys (D:7)
  A centaur zombie (D:5)
  An orc priest (D:3)
  An orc wizard (D:6)
  A centaur skeleton (D:4)
  2 worker ants
  A worker ant zombie (D:7)
  2 adders
  An ooze (D:7)
  An adder skeleton (D:6)
  2 worms
  3 dart slugs
  4 giant geckos
  21 orcs
  11 bats
  4 giant cockroaches
  8 goblins
  7 hobgoblins
  11 kobolds
  3 quokkas
  3 ball pythons
  6 giant newts
  9 rats
117 creatures vanquished.

Notes
Turn   | Place    | Note
--------------------------------------------------------------
     0 | D:1      | pk666 the Minotaur Berserker began the quest for the Orb.
     0 | D:1      | Reached XP level 1. HP: 19/19 MP: 0/0
   247 | D:1      | Reached XP level 2. HP: 15/27 MP: 1/1
   697 | D:1      | Reached ** piety under Trog
   832 | D:1      | Reached XP level 3. HP: 33/33 MP: 2/2
  1684 | D:3      | Reached XP level 4. HP: 36/40 MP: 3/3
  1739 | D:3      | Found a deep blue altar of Sif Muna.
  1811 | D:3      | Reached *** piety under Trog
  1953 | D:3      | Found a sacrificial altar of Ru.
  1953 | D:3      | Found a shadowy altar of Dithmenos.
  2164 | D:4      | Reached XP level 5. HP: 40/47 MP: 4/4
  2181 | D:4      | Noticed Eustachio
  2254 | D:4      | Killed Eustachio
  2254 | D:4      | Reached skill level 5 in Fighting
  2254 | D:4      | Reached skill level 5 in Axes
  2254 | D:4      | Reached XP level 6. HP: 34/56 MP: 5/5
  2668 | D:4      | Found an iron altar of Okawaru.
  2777 | D:4      | Noticed Menkaure
  2782 | D:4      | Killed Menkaure
  3017 | D:5      | Entered Level 5 of the Dungeon
  3132 | D:5      | Reached skill level 5 in Armour
  3229 | D:5      | Reached XP level 7. HP: 60/61 MP: 6/6
  3240 | D:5      | Found Gufulent's Weapon Shop.
  3690 | D:6      | Reached skill level 5 in Dodging
  3751 | D:6      | Noticed a hungry ghost
  4088 | D:6      | Reached XP level 8. HP: 71/71 MP: 7/7
  4310 | D:6      | Reached **** piety under Trog
  4967 | D:7      | Found a staircase to the Ecumenical Temple.
  5020 | D:7      | HP: 3/73 [orc warrior/long sword (5)]
  5023 | D:7      | Slain by an orc priest

Vault maps used:
D:1:      dpeg_arrival_fog, corexii_hall_statues_s, hex_intersection,
          serial_bayou_ford_a, hangedman_decor_clover_reticule,
          grunt_decor_fettered
D:3:      gammafunk_temple_overflow_elements, first_bread, lemuel_tele_altar
D:4:      kennysheep_okawaru_gauntlet, uniq_eustachio, uniq_menkaure
D:5:      serial_shops, kennysheep_mini, minmay_misc_feat_columns
D:6:      fountainhead
D:7:      minmay_temple_entry_junction, serial_corexii_hall,
          corexii_hall_statues_l, corexii_hall_statues_i, uniq_duvessa,
          uniq_pikel

Skill      XL: |  1  2  3  4  5  6  7  8 |
---------------+-------------------------+-----
Fighting       | 4 5 6 7 |  7.3
Armour         | 3 4 5 6 |  6.9
Axes           | 4 5 6 7 |  7.4
Dodging        | 3 4 5 6 |  6.0

Action                   |  1- 3 |  4- 6 |  7- 9 || total
-------------------------+-------+-------+-------++-------
Melee: Hand axe          |   117 |    95 |       ||   212
       Headbutt          |    17 |    24 |    19 ||    60
       War axe           |       |     5 |   105 ||   110
Invok: Berserk           |       |     2 |     2 ||     4
       Trog's Hand       |       |       |     1 ||     1
  Eat: Chunk             |     2 |     4 |     7 ||    13
       Pizza             |       |     2 |       ||     2
       Beef jerky        |       |       |     1 ||     1
Armor: Animal skin       |    12 |       |       ||    12
       Leather armour    |     6 |       |       ||     6
       Ring mail         |    14 |    13 |       ||    27
       Chain mail        |       |    46 |    54 ||   100
Dodge: Dodged            |    93 |    86 |    54 ||   233
